 Dungeon Crawl Stone Soup version 0.23.2-11-gf996548c65 (webtiles) character file.

Game seed: 8304190216220460738

833 prestonbroadus the Quickloader (level 7, -6/56 HPs)
             Began as a Gnoll Hunter on June 6, 2019.
             Was an Initiate of Cheibriados.
             Mangled by a gnoll sergeant
             ... wielding a +1 spear of piercing
              (10 damage)
             ... on level 7 of the Dungeon.
             The game lasted 00:10:11 (4086 turns).

prestonbroadus the Quickloader (Gnoll Hunter)       Turns: 4086, Time: 00:10:12

Health: -6/56      AC:  8    Str: 19    XL:     7   Next: 98%
Magic:  11/11      EV: 14    Int: 15    God:    Cheibriados [......]
Gold:   187        SH:  0    Dex: 16    Spells: 11/11 levels left

rFire    . . .     SeeInvis .   b - +2 short sword (venom)
rCold    . . .     Gourm    .   (no shield)
rNeg     . . .     Faith    .   i - +1 ring mail
rPois    .         Spirit   .   u - +0 helmet
rElec    .         Reflect  .   n - +0 cloak
rCorr    .         Harm     .   (no gloves)
MR       .....                  (no boots)
Stlth    ++........             (no amulet)
HPRegen  0.18/turn              r - +2 ring of strength
MPRegen  0.12/turn              (no ring)

@: very slow
A: distributed training, fangs 1, strong nose
a: Bend Time, Renounce Religion


You were on level 7 of the Dungeon.
You worshipped Cheibriados.
Cheibriados was noncommittal.
You were not hungry.

You visited 2 branches of the dungeon, and saw 8 of its levels.

You collected 187 gold pieces.

Inventory:

Hand Weapons
 a - a +1 hand crossbow
 b - a +2 short sword of venom (weapon)
 s - a +2 flail of holy wrath
Missiles
 d - 72 bolts
Armour
 i - a +1 ring mail (worn)
 n - a +0 cloak (worn)
 u - a +0 helmet (worn)
Jewellery
 r - a +2 ring of strength (left hand)
Scrolls
 c - 2 scrolls of remove curse
 g - 3 scrolls of magic mapping
 j - 3 scrolls of identify
 k - 2 scrolls of amnesia {unknown}
 v - 2 scrolls of enchant weapon
Potions
 l - a potion of berserk rage
 m - a potion of heal wounds
 p - a potion of lignification
 t - 2 potions of curing
 z - 2 potions of mutation
Comestibles
 f - 11 rations
 h - 6 chunks of flesh


   Skills:
 + Level 5.4 Fighting
 + Level 2.7 Short Blades
 + Level 2.7 Long Blades
 + Level 2.7 Axes
 + Level 2.7 Maces & Flails
 + Level 2.7 Polearms
 + Level 2.7 Staves
 + Level 2.7 Slings
 + Level 2.7 Bows
 + Level 9.0 Crossbows
 + Level 2.7 Throwing
 + Level 2.7 Armour
 + Level 5.4 Dodging
 + Level 3.7 Stealth
 + Level 2.7 Shields
 + Level 2.7 Unarmed Combat
 + Level 2.7 Spellcasting
 + Level 2.2 Conjurations
 + Level 2.2 Hexes
 + Level 2.2 Charms
 + Level 2.2 Summonings
 + Level 2.2 Necromancy
 + Level 2.2 Translocations
 + Level 2.2 Transmutations
 + Level 2.2 Fire Magic
 + Level 2.2 Ice Magic
 + Level 2.2 Air Magic
 + Level 2.2 Earth Magic
 + Level 2.2 Poison Magic
 + Level 3.0 Invocations
 + Level 2.7 Evocations


You had 11 spell levels left.
You didn't know any spells.
Your spell library contained the following spells:

 Spells                   Type           Power        Failure   Level  Hunger
 Infusion                 Chrm           #...         14%         1    #......
 Shroud of Golubria       Chrm/Tloc      #.........   21%         2    ##.....
 Song of Slaying          Chrm           #.......     21%         2    ##.....
 Regeneration             Chrm/Necr      #.........   38%         3    ###....
 Spectral Weapon          Hex/Chrm       #.......     38%         3    ###....


Dungeon Overview and Level Annotations

Branches:
Dungeon (7/15)             Temple (1/1) D:5

Altars:
Cheibriados
Dithmenos
Elyvilon
Gozag
Hepliaklqana
Kikubaaqudgha
Okawaru
Qazlal
Trog
Wu Jian
The Shining One

Shops:
D:4 [

Annotations:
D:5 Grinder


Innate Abilities, Weirdness & Mutations

Your experience applies equally to all skills.
You have very sharp teeth.
Your uncanny sense of smell can sniff out nearby items.


Message History

Unknown command.
You hit the gnoll sergeant. Your bite misses the gnoll sergeant.
The gnoll sergeant is lightly wounded.
The gnoll barely misses you. The gnoll sergeant barely misses you.
The gnoll misses you.
You hit the gnoll sergeant but do no damage.
The gnoll sergeant is poisoned.
The gnoll sergeant is lightly wounded.
The gnoll closely misses you. The gnoll sergeant closely misses you.
The gnoll hits you with a +0 spear!
* * * LOW HITPOINT WARNING * * *
Unknown command.
You hit the gnoll sergeant but do no damage.
The gnoll sergeant looks as sick as possible!
You bite the gnoll sergeant, but do no damage.
The gnoll sergeant is lightly wounded.
The gnoll hits you.
* * * LOW HITPOINT WARNING * * *
The gnoll sergeant hits you with a +1 spear of piercing!
You die...

###+##...######........
#...##...######+##
+.......... #..........
.....
#.................
#.................
#...##...# ......#
#...#######......#
#...)@gg..........
#...)gg..........#
######.......?...#
#............
#.............
#.............
#.............
##############


You could see a gnoll sergeant and 3 gnolls.

Vanquished Creatures
  Edmund (D:4)
  A phantom (D:6)
  An ogre (D:5)
  A centaur (D:6)
  Blork the orc (D:4)
  2 hounds (D:4)
  2 orc priests (D:4)
  2 orc wizards
  2 worker ants (D:6)
  Robin (D:4)
  2 gnolls (D:7)
  3 adders (D:3)
  An adder skeleton (D:5)
  2 worms (D:3)
  4 dart slugs
  A leopard gecko (D:1)
  14 orcs
  5 bats
  4 giant cockroaches
  14 goblins
  8 hobgoblins
  3 jackals (D:6)
  2 quokkas
  A ball python (D:4)
  4 frilled lizards
  4 kobolds
  7 rats
93 creatures vanquished.

Notes
Turn   | Place    | Note
-------+----------+-------------------------------------------
     0 | D:1      | prestonbroadus the Gnoll Hunter began the quest for the
                  | Orb.
     0 | D:1      | Reached XP level 1. HP: 20/20 MP: 1/1
   351 | D:1      | Reached XP level 2. HP: 23/26 MP: 2/2
   877 | D:1      | Reached XP level 3. HP: 31/31 MP: 3/3
  1201 | D:2      | You fall through a shaft!
  1288 | D:3      | Reached skill level 1 in Invocations
  1289 | D:3      | Reached skill level 1 in Short Blades
  1289 | D:3      | Reached skill level 1 in Long Blades
  1289 | D:3      | Reached skill level 1 in Axes
  1289 | D:3      | Reached skill level 1 in Maces & Flails
  1289 | D:3      | Reached skill level 1 in Polearms
  1289 | D:3      | Reached skill level 1 in Staves
  1289 | D:3      | Reached skill level 1 in Slings
  1289 | D:3      | Reached skill level 1 in Bows
  1289 | D:3      | Reached skill level 1 in Throwing
  1289 | D:3      | Reached skill level 1 in Armour
  1289 | D:3      | Reached skill level 1 in Shields
  1289 | D:3      | Reached skill level 1 in Unarmed Combat
  1289 | D:3      | Reached skill level 1 in Spellcasting
  1289 | D:3      | Reached skill level 1 in Evocations
  1292 | D:3      | Reached XP level 4. HP: 38/38 MP: 3/5
  1567 | D:3      | Reached skill level 1 in Conjurations
  1567 | D:3      | Reached skill level 1 in Hexes
  1567 | D:3      | Reached skill level 1 in Charms
  1567 | D:3      | Reached skill level 1 in Summonings
  1567 | D:3      | Reached skill level 1 in Necromancy
  1567 | D:3      | Reached skill level 1 in Translocations
  1567 | D:3      | Reached skill level 1 in Transmutations
  1567 | D:3      | Reached skill level 1 in Fire Magic
  1567 | D:3      | Reached skill level 1 in Ice Magic
  1567 | D:3      | Reached skill level 1 in Air Magic
  1567 | D:3      | Reached skill level 1 in Earth Magic
  1567 | D:3      | Reached skill level 1 in Poison Magic
  1842 | D:4      | Reached XP level 5. HP: 37/43 MP: 5/7
  1964 | D:4      | Found Azxaguna's Antique Armour Shoppe.
  2379 | D:4      | Noticed Edmund
  2414 | D:4      | Killed Edmund
  2414 | D:4      | Reached skill level 5 in Fighting
  2414 | D:4      | Reached skill level 5 in Dodging
  2414 | D:4      | Reached XP level 6. HP: 49/51 MP: 7/9
  2449 | D:4      | Noticed Robin
  2577 | D:4      | Killed Robin
  2578 | D:4      | Noticed Blork the orc
  2585 | D:4      | Killed Blork the orc
  2633 | D:4      | Reached XP level 7. HP: 42/56 MP: 10/10
  2786 | D:5      | Entered Level 5 of the Dungeon
  2791 | D:5      | Noticed Grinder
  3409 | D:5      | Found a staircase to the Ecumenical Temple.
  3419 | Temple   | Entered the Ecumenical Temple
  3479 | Temple   | Became a worshipper of Cheibriados the Contemplative
  3587 | D:6      | Reached skill level 9 in Crossbows
  3909 | D:7      | Found a white marble altar of Elyvilon.
  4086 | D:7      | Mangled by a gnoll sergeant

Skill      XL: |  1  2  3  4  5  6  7 |
---------------+----------------------+-----
Invocations    | 1 2 3 |  3.0
Short Blades   | 1 2 |  2.7
Long Blades    | 1 2 |  2.7
Axes           | 1 2 |  2.7
Maces & Flails | 1 2 |  2.7
Polearms       | 1 2 |  2.7
Staves         | 1 2 |  2.7
Slings         | 1 2 |  2.7
Bows           | 1 2 |  2.7
Throwing       | 1 2 |  2.7
Armour         | 1 2 |  2.7
Shields        | 1 2 |  2.7
Unarmed Combat | 1 2 |  2.7
Spellcasting   | 1 2 |  2.7
Evocations     | 1 2 |  2.7
Conjurations   | 1 2 |  2.2
Hexes          | 1 2 |  2.2
Charms         | 1 2 |  2.2
Summonings     | 1 2 |  2.2
Necromancy     | 1 2 |  2.2
Translocations | 1 2 |  2.2
Transmutations | 1 2 |  2.2
Fire Magic     | 1 2 |  2.2
Ice Magic      | 1 2 |  2.2
Air Magic      | 1 2 |  2.2
Earth Magic    | 1 2 |  2.2
Poison Magic   | 1 2 |  2.2
Fighting       | 5 |  5.4
Dodging        | 5 |  5.4
Stealth        | 3 |  3.7
Crossbows      | 9 |  9.0

Action                   |  1- 3 |  4- 6 |  7- 9 || total
-------------------------+-------+-------+-------++-------
Melee: Short sword       |    74 |   119 |    84 ||   277
       Bite              |     6 |    11 |     9 ||    26
       Punch             |       |     2 |     1 ||     3
 Fire: Hand crossbow     |    23 |    28 |     2 ||    53
  Use: Scroll            |     1 |     1 |     9 ||    11
       Potion            |       |     1 |     2 ||     3
 Stab: Sleeping          |     1 |       |       ||     1
  Eat: Chunk             |       |     6 |     4 ||    10
Armor: Ring mail         |    21 |    35 |    31 ||    87
       Leather armour    |     2 |       |       ||     2
Dodge: Dodged            |    51 |    90 |    82 ||   223
